 Dungeon Crawl Stone Soup version 0.19.0-2-gae57169 (webtiles) character file.

188 mopl the Cleaver (level 5, 0/45 HPs)
             Began as a Hill Orc Berserker on Nov 4, 2016.
             Was a Priest of Trog.
             Slain by syranez's ghost (7 damage)
             ... on level 4 of the Dungeon.
             The game lasted 00:03:55 (2179 turns).

mopl the Cleaver (Hill Orc Berserker)               Turns: 2179, Time: 00:03:56

Health: 0/45       AC:  9    Str: 20    XL:     5   Next: 67%
Magic:  5/5        EV:  8    Int:  7    God:    Trog [***...]
Gold:   171        SH:  0    Dex: 11    Spells: 0 memorised, 4 levels left

rFire  . . .     SeeInvis .     a - +0 hand axe
rCold  . . .     Gourm    .     l - +0 chain mail
rNeg   . . .     Faith    .     (no shield)
rPois  .         Spirit   .     (no helmet)
rElec  .         Reflect  .     (no cloak)
rCorr  .         Harm     .     g - +0 pair of gloves
MR     .....                    (no boots)
Stlth  ..........               j - amulet of regeneration
                                (no ring)
                                s - ring of flight

@: exhausted, slowed, very slow
A: no striking features
a: Berserk, Trog's Hand, Burn Spellbooks, Renounce Religion, Evoke Flight


You were on level 4 of the Dungeon.
You worshipped Trog.
Trog was most pleased with you.
You were very hungry.

You visited 1 branch of the dungeon, and saw 4 of its levels.

You collected 171 gold pieces.

Inventory:

Hand Weapons
 a - a +0 hand axe (weapon)
Missiles
 b - 8 tomahawks (quivered)
 k - 27 poisoned needles
Armour
 g - a +0 pair of gloves (worn)
 l - a +0 chain mail (worn)
Jewellery
 j - an amulet of regeneration (around neck)
 s - a ring of flight (left hand)
Scrolls
 d - a scroll of amnesia {unknown}
 h - 2 scrolls of identify {unknown}
 n - 2 scrolls of remove curse {unknown}
 p - a scroll of fear {unknown}
 r - a scroll of teleportation {unknown}
 v - a scroll of magic mapping {unknown}
Potions
 e - a potion of mutation {unknown}
 f - a potion of curing {unknown}
 i - 2 potions of cancellation {unknown}
 m - 2 potions of haste {unknown}
 q - a potion of agility {unknown}
 x - a potion of flight {unknown}
Comestibles
 c - 4 bread rations
 o - 2 meat rations
 t - 2 chunks of flesh
 u - a slice of pizza
 w - a royal jelly


   Skills:
 - Level 3.6 Fighting
 + Level 8.1 Axes
 - Level 2.1 Armour
 - Level 1.5 Dodging


You had 4 spell levels left.
You didn't know any spells.

Dungeon Overview and Level Annotations

Branches:
Dungeon (4/15)
 Temple: D:4-7

Altars:
Dithmenos
Fedhas
Nemelex Xobeh
Ru

Annotations:
D:4 syranez's ghost, novice HOBe


Message History

You are too injured to fight recklessly!
You are too injured to fight recklessly!
You are too injured to fight recklessly!
You are too injured to fight recklessly!
You are too injured to fight recklessly!
You are too injured to fight recklessly!
You are too injured to fight recklessly!
You are too injured to fight recklessly!
You are too injured to fight recklessly!
You hit syranez's ghost but do no damage.
Syranez's ghost is severely damaged.
Syranez's ghost hits you but does no damage.
Syranez's ghost hits you. Syranez's ghost hits you.
* * * LOW HITPOINT WARNING * * *
Syranez's ghost hits you!
* * * LOW HITPOINT WARNING * * *
There is a stone staircase leading up, spattered with blood here.
Syranez's ghost hits you!
You die...

....#
#########.!..# #
........#....#
#.##......#....###
................
....#..#!...###
####.#†#o.#....##
........Wl........
...##..##@#.######
..... ###.#
....... .# .......
.# ....... #..?...
#......


You could see syranez's ghost, an orc and a frilled lizard.

Vanquished Creatures
  Terence (D:2)
  4 gnolls (D:3)
  4 adders
  A shadow imp (D:3)
  An ooze (D:3)
  5 worms
  3 dart slugs
  5 leopard geckos
  An orc (D:3)
  A ball python (D:4)
  7 bats
  2 giant cockroaches (D:3)
  6 goblins
  3 hobgoblins
  A quokka (D:2)
  4 frilled lizards
  7 kobolds
  6 rats
62 creatures vanquished.

Notes
Turn   | Place    | Note
-------+----------+-------------------------------------------
     0 | D:1      | mopl the Hill Orc Berserker began the quest for the Orb.
     0 | D:1      | Reached XP level 1. HP: 19/19 MP: 1/1
   173 | D:1      | Reached XP level 2. HP: 8/26 MP: 2/2
   317 | D:1      | Reached skill level 5 in Axes
   515 | D:2      | Reached XP level 3. HP: 18/31 MP: 3/3
   557 | D:2      | Found a sacrificial altar of Ru.
   695 | D:2      | Reached ** piety under Trog
   884 | D:2      | Noticed Terence
   890 | D:2      | Killed Terence
   890 | D:2      | Reached skill level 6 in Axes
   916 | D:2      | Reached XP level 4. HP: 35/39 MP: 4/4
  1074 | D:2      | Found a sparkling altar of Nemelex Xobeh.
  1504 | D:3      | Reached skill level 7 in Axes
  1704 | D:3      | Reached XP level 5. HP: 39/45 MP: 5/5
  1826 | D:3      | Reached skill level 8 in Axes
  1938 | D:3      | Found a blossoming altar of Fedhas.
  1949 | D:3      | Found a shadowy altar of Dithmenos.
  2148 | D:4      | Reached *** piety under Trog
  2152 | D:4      | Noticed syranez's ghost (novice HOBe)
  2179 | D:4      | Slain by syranez's ghost

Skill      XL: |  1  2  3  4  5 |
---------------+----------------+-----
Axes           | 5 6 7 8 |  8.1
Fighting       | |  3.6
Armour         | |  2.1
Dodging        | |  1.5

Action                   |  1- 3 |  4- 6 || total
-------------------------+-------+-------++-------
Melee: Hand axe          |    84 |   162 ||   246
Invok: Berserk           |     5 |     2 ||     7
  Eat: Chunk             |     5 |     4 ||     9
Armor: Animal skin       |    14 |       ||    14
       Chain mail        |    24 |    81 ||   105
Dodge: Dodged            |    41 |    54 ||    95
